 Dungeon Crawl Stone Soup version 0.31-a0-1237-gabc64e778c (webtiles) character file.

Game seed: 15051750740080008708

121 gruber the Chiller (level 4, 0/30 HPs)
             Began as a Demonspawn Ice Elementalist on Dec 15, 2023.
             Slain by Crazy Yiuf
             ... wielding a +4 quarterstaff of chaos
              (10 damage)
             ... on level 2 of the Dungeon.
             The game lasted 00:02:29 (1956 turns).

gruber the Chiller (Demonspawn Ice Elementalist)    Turns: 1956, Time: 00:02:30

Health: 0/30       AC:  2    Str:  9    XL:     4   Next: 76%
Magic:  3/7        EV: 12    Int: 17    God:
Gold:   119        SH:  4    Dex: 13    Spells: 3/7 levels left

rFire   . . .        s - +0 dagger (speed)
rCold   . . .        (no shield)
rNeg    . . .        a - +0 robe
rPois   .            (no helmet)
rElec   .            (no cloak)
rCorr   .            (no gloves)
SInv    .            (no boots)
Will    .....        (no amulet)
Stlth   ++           (no ring)
HPRegen 0.25/turn    (no ring)
MPRegen 0.10/turn

%: no passive effects
@: freezing walls
A: large bone plates 1
a: no special abilities


You were on level 2 of the Dungeon.
You visited 1 branch of the dungeon, and saw 2 of its levels.

You collected 119 gold pieces.

Inventory:

Hand Weapons
 s - a +0 dagger of speed (weapon)
Armour
 a - a +0 robe (worn)
Magical Staves
 f - a staff of air
Scrolls
 c - a scroll of poison {unknown}
 e - 2 scrolls of teleportation {unknown}
 h - 2 scrolls of identify {unknown}
 n - a scroll of noise {unknown}
 o - a scroll of fog {unknown}
 p - a scroll of blinking {unknown}
Potions
 b - a potion of magic
 d - a potion of invisibility {unknown}
 g - a potion of brilliance {unknown}
 i - 2 potions of haste {unknown}
 j - a potion of cancellation {unknown}
 k - a potion of curing {unknown}
 l - a potion of berserk rage {unknown}
 q - a potion of heal wounds {unknown}
 r - a potion of might {unknown}


   Skills:
 - Level 1.7 Dodging
 - Level 1.7 Stealth
 - Level 2.0 Spellcasting
 + Level 5.6 Ice Magic


You had 3 spell levels left.
You knew the following spells:

 Your Spells              Type           Power      Damage    Failure   Level
a - Freeze                Ice            80%        1d9       1%          1
b - Frozen Ramparts       Ice            40%        1d7       6%          3

Your spell library contained the following spells:

 Spells                   Type           Power      Damage    Failure   Level
 Ozocubu's Armour         Ice            20%        N/A       6%          3
 Necrotise                Necr           4%         1d4       19%         1
 Vampiric Draining        Necr           1%         2d6       50%         3
 Summon Ice Beast         Ice/Summ       11%        N/A       52%         4
 Agony                    Necr           1%         N/A       99%         5


Dungeon Overview and Level Annotations

Branches:
Dungeon (2/15)

Altars:

Annotations:
D:2 Crazy Yiuf


Innate Abilities, Weirdness & Mutations

You are partially covered in large bone plates. (SH +4)


Message History

You open the large door.
There is a large open door here.
There is a large open door here.
There is a stone staircase leading up here.
You now have 119 gold pieces (gained 8).
There is a stone staircase leading up here.
There is an open door here.
There is an open door here.
You see here 3 stones.
Key pressed, stopping explore.
There is an open door here.
You see here a rat skeleton.
You see here an adder skeleton.
Found a stone staircase leading up.
You see here an adder skeleton.
There is an open door here.
You see here a rat skeleton.
Found a hammer.
Found a runed translucent door.
Could not explore, unopened runed door.
You open the door.
Casting: Freeze (safe; 1% risk of failure)
Confirm with . or Enter, or press ? or * to list all spells.
Casting: Frozen Ramparts (dangerous; 6% risk of failure)
Press: ? - help, Dir - look around, f - activate The walls around you are covered in ice.
The wall freezes Crazy Yiuf.
Crazy Yiuf hits you with a +4 quarterstaff of chaos!
Crazy Yiuf burns you!
* * * LOW HITPOINT WARNING * * *
Unknown command.
Casting: Frozen Ramparts (dangerous; 6% risk of failure)
Confirm with . or Enter, or press ? or * to list all spells.
Aiming: Freeze (safe; 1% risk of failure)
Press: ? - help, Shift-Dir - straight line, f - Crazy Yiuf
Aim: Crazy Yiuf, wielding a +4 quarterstaff of chaos and wearing a +0 cloak (moderately wounded)
You freeze Crazy Yiuf.
Crazy Yiuf is heavily wounded.
The wall freezes Crazy Yiuf.
Crazy Yiuf hits you with a +4 quarterstaff of chaos!
You die...

#.....#.# #...###.#
#####.รท.# #.#
........# ###
........#
........#######
............#.### ###
.............#..##...#
............####@g...#
...........## ###..)#
........#### ###
........# ........#
........####
...........#
##.######### #.#


You could see Crazy Yiuf.

Vanquished Creatures
  Natasha (twice) (D:2)
  2 adders (D:2)
  A worm (D:2)
  3 dart slugs
  4 ball pythons
  2 bats
  4 endoplasms
  2 giant cockroaches (D:2)
  2 goblins (D:2)
  8 hobgoblins
  2 jackals (D:2)
  3 kobolds
  A quokka (D:1)
  3 frilled lizards
  4 rats
43 creatures vanquished.

Notes
Turn   | Place    | Note
-------+----------+-------------------------------------------
     0 | D:1      | gruber the Demonspawn Ice Elementalist began the quest for
                  | the Orb.
     0 | D:1      | Reached XP level 1. HP: 13/13 MP: 3/3
   189 | D:1      | Reached skill level 4 in Ice Magic
   189 | D:1      | Gained mutation: You are partially covered in large bone
                  | plates. (SH +4) [demonic ancestry]
   189 | D:1      | Reached XP level 2. HP: 19/19 MP: 0/5
   393 | D:1      | Found a faded altar of an unknown god.
   831 | D:2      | Reached XP level 3. HP: 15/24 MP: 6/6
  1150 | D:2      | Noticed Natasha
  1158 | D:2      | Killed Natasha
  1159 | D:2      | Reached skill level 5 in Ice Magic
  1217 | D:2      | Reached XP level 4. HP: 22/30 MP: 4/7
  1221 | D:2      | Learned a level 3 spell: Frozen Ramparts
  1483 | D:2      | Noticed Natasha
  1500 | D:2      | Killed Natasha
  1950 | D:2      | Found a runed translucent door.
  1951 | D:2      | Noticed Crazy Yiuf
  1956 | D:2      | Slain by Crazy Yiuf

Illustrated notes

Levels and vault maps discovered:
D:1:      scummos_arrival_simple_crosswalls, layout_loops_ring,
          hellmonk_ecumenical_altar_run_dry
D:2:      layout_basic, minmay_hexomino_f4, uniq_natasha,
          uniq_crazy_yiuf_cottage

Skill      XL: |  1  2  3 |
---------------+----------+-----
Ice Magic      | 4 5 |  5.6
Dodging        | |  1.7
Stealth        | |  1.7
Spellcasting   | |  2.0

Action                     |  1- 3 |  4- 6 || total
---------------------------+-------+-------++-------
  Melee: Unarmed           |     3 |       ||     3
         Dagger            |    38 |       ||    38
         Short sword       |    15 |    42 ||    57
   Cast: Freeze            |    28 |    14 ||    42
         Frozen Ramparts   |       |     3 ||     3
   Stab: Sleeping          |     3 |       ||     3
 Armour: Robe              |    42 |    28 ||    70
  Dodge: Dodged            |    40 |    22 ||    62
  Block: Other             |    14 |     5 ||    19

Table legend: (Time is in decaauts)
 A = Elapsed time spent in this place.
 B = Non-inter-level travel time spent in this place.
 C = Inter-level travel time spent in this place.
 D = Time resting spent in this place.
 E = Time spent auto-exploring this place.
 F = Levels seen in this place.
 G = Mean time per level.
                   A        B        C        D        E       F      G
               +--------+--------+--------+--------+--------+-----+--------+
         Total |   1964 |   1903 |     61 |      2 |   1557 |   2 |  982.0 |
       Dungeon |   1964 |   1903 |     61 |      2 |   1557 |   2 |  982.0 |
               +--------+--------+--------+--------+--------+-----+--------+

Top non-repeatable levels by time:
     D:2: 1212 daAuts
     D:1: 751 daAuts
